 Dungeon Crawl Stone Soup version 0.17-a0-2069-g0f4ee5b (webtiles) character file.

15859 MDvedh the Unseen (level 12, -10/78 HPs)
             Began as a Vampire Assassin on Oct 13, 2015.
             Was a Believer of Ashenzari.
             Mangled by a komodo dragon (15 damage)
             ... on level 2 of the Lair of Beasts.
             The game lasted 00:37:37 (13534 turns).

MDvedh the Unseen (Vampire Assassin)               Turns: 13534, Time: 00:37:38

Health: -10/78     AC: 13    Str: 10    XL:     12   Next: 4%
Magic:  12/12      EV:  2    Int: 16    God:    Ashenzari [**....]
Gold:   474        SH:  0    Dex: 20    Spells: 1 memorised, 5 levels left

rFire  . . .     SeeInvis +     z - +5 scimitar (flame) (curse)
rCold  . . .     Clarity  +     c - +0 robe
rNeg   + + +     SustAt   +     (no shield)
rPois  ∞         Gourm    .     x - +1 helmet (curse)
rElec  .         Spirit   .     d - +0 cloak
rCorr  .         Warding  .     l - +0 pair of gloves
rMut   .         Stasis   .     s - +0 pair of boots (curse)
MR     +....                    e - amulet of clarity
Stlth  +++++++...               r - ring of sustain attributes
                                o - +4 ring of protection

@: petrified, regenerating quickly, somewhat resistant to hostile enchantments,
extremely stealthy
A: fangs 3, yellow scales 1, see invisible, breathe flames 1, clever 1,
deterioration 1, unbreathing, evolution 1
a: Scrying, Renounce Religion, Breathe Fire


You were on level 2 of the Lair of Beasts.
You worshipped Ashenzari.
Ashenzari was pleased with you.
You were very full.

You visited 2 branches of the dungeon, and saw 12 of its levels.
You also visited: Ossuary.

You collected 474 gold pieces.

Inventory:

Hand Weapons
 z - a cursed +5 scimitar of flaming (weapon)
Armour
 c - a +0 robe (worn)
 d - a +0 cloak (worn)
 l - a +0 pair of gloves (worn)
 q - a +0 buckler
 s - a cursed +0 pair of boots (worn)
 x - a cursed +1 helmet (worn)
Jewellery
 e - an amulet of clarity (around neck)
 o - a +4 ring of protection (left hand)
 r - a ring of sustain attributes (right hand)
Wands
 a - a wand of flame (37)
 b - a wand of fire (9)
 g - a wand of slowing (48)
 A - a wand of lightning (7)
 F - a wand of polymorph (14)
Scrolls
 k - 4 scrolls of curse weapon
 m - 4 scrolls of identify
 u - a scroll of enchant armour
 w - 2 scrolls of teleportation
 y - a scroll of fear
 C - 2 scrolls of blinking
Potions
 h - 6 potions of curing
 i - 2 potions of invisibility
 j - a potion of heal wounds
 n - 3 potions of ambrosia
 p - 2 potions of cure mutation
 v - 4 potions of agility
 B - 2 potions of resistance
 D - 3 potions of cancellation
 E - a potion of might


   Skills:
 - Level 1.7 Fighting
   Level 11.7(13.2) Short Blades
 * Level 9.7(13.4) Long Blades
 - Level 1.5 Throwing
 - Level 10.7 Dodging
 - Level 15.0 Stealth


You had 5 spell levels left.
You knew the following spells:

 Your Spells              Type           Power        Failure   Level  Hunger
a - Freezing Cloud        Conj/Ice/Air   #.........   100%        6    #######


Dungeon Overview and Level Annotations

Branches:
Dungeon (10/15)            Temple (0/1) D:7            Lair (2/8) D:8
    Orc (0/4) D:10

Altars:
Ashenzari
Elyvilon
Fedhas
Makhleb
Nemelex Xobeh
Ru
Trog
Xom
Zin
The Shining One

Annotations:
D:4 Grinder
D:7 Joseph


Innate Abilities, Weirdness & Mutations

Your natural rate of healing is unusually fast.
You have razor-sharp teeth.
You have supernaturally acute eyesight.
You can survive without breathing.
You are partially covered in yellow scales (AC +2).
You can breathe flames.
Your mind is acute. (Int +2)
Your body sometimes deteriorates upon taking damage.
You evolve.


Message History

The basilisk barely misses you. The basilisk gazes at you.
You easily resist.
The komodo dragon bites you!!
The basilisk hisses menacingly.
The basilisk bites you. The komodo dragon bites you!! The basilisk bites you!
* * * LOW HITPOINT WARNING * * *
The komodo dragon bites you!!
* * * LOW HITPOINT WARNING * * *
Your body deteriorates!
You feel clumsy for a moment.
The basilisk hisses menacingly.
The basilisk bites you but does no damage.
The komodo dragon completely misses you.
The basilisk gazes at you.
You easily resist.
The komodo dragon barely misses you. The basilisk bites you!
* * * LOW HITPOINT WARNING * * *
The komodo dragon bites you!!
You die...

......... * * .......#*
* P P. ...P##,, , ,
>.....# #.#. .. ..
......# #.#...... #. *
......# ##...#.#. ..., ,
....#.# #.......,..# , *
#.....# #P...#.#..#.. ,
.#.##..# #...#l....... *
, .#.#..##* #..##@l# .#,
* , , *
##.##.#.####......#..
.........<...†#.#..# #..
..##..#P...#.###.##...#.
..##>.........÷.........
*
#.#..........##..##...#.
..#.##.##...P###.#* .##,
P.#######..### #.# .,
....P# ##..# ### *


You could see a komodo dragon and a basilisk.

Vanquished Creatures
  A hydra (Lair:1)
  Erolcha (D:8)
  Erica (D:8)
  A hill giant (D:10)
  Maurice (D:9)
  A molten gargoyle (D:10)
  A spiny frog (Lair:2)
  3 komodo dragons
  A two-headed ogre (D:10)
  A blink frog (shapeshifter) (D:9)
  20 yaks
  A wyvern (D:10)
  Eustachio (D:6)
  2 hungry ghosts (D:10)
  4 hippogriffs
  Menkaure (D:7)
  Edmund (D:6)
  A soldier ant (D:9)
  A water moccasin (D:10)
  A spider (D:9)
  4 orc warriors
  3 phantoms (D:10)
  2 ice beasts (D:9)
  3 sky beasts
  2 black bears
  10 ogres
  3 porcupines
  3 centaurs
  2 wasps (D:9)
  A big kobold (D:9)
  3 crocodiles
  9 giant frogs
  16 killer bees
  A troll zombie (D:10)
  3 scorpions
  3 wights (D:9)
  A quasit (D:9)
  3 crimson imps
  2 electric eels (D:9)
  2 giant frog zombies (D:8)
  4 centaur zombies
  2 jellies
  3 orc priests
  A centaur skeleton (D:7)
  2 giant frog skeletons (D:5)
  7 iguanas
  7 hounds
  7 orc wizards
  A killer bee zombie (D:10)
  5 worker ants
  5 ogre zombies (D:10)
  7 sheep (Lair:1)
  3 big kobold zombies (Ossuary)
  A hound zombie (D:8)
  6 mummies (Ossuary)
  A hound skeleton (D:4)
  A worker ant zombie (D:9)
  Robin (D:4)
  7 gnolls
  9 river rats
  14 adders
  2 shadow imps
  An ooze (D:3)
  6 worms
  9 giant geckos
  35 orcs
  A ball python (D:2)
  9 bats
  5 giant cockroaches
  24 goblins
  6 hobgoblins
  7 jackals (D:6)
  14 kobolds
  2 quokkas
  A ball python skeleton (D:4)
  A giant gecko skeleton (D:5)
  4 giant newts
  A goblin skeleton (D:10)
  2 goblin zombies (D:10)
  A hobgoblin skeleton (D:10)
  3 hobgoblin zombies
  2 orc skeletons (D:10)
  11 orc zombies (D:10)
  7 rats
  A plant (Lair:1)
370 creatures vanquished.

Vanquished Creatures (others)
  An ogre (D:5)
  A jelly (D:5)
  2 worker ants (D:5)
  An adder (D:5)
  A quokka (D:5)
  A giant newt (D:5)
  2 fungi (Lair:2)
  6 plants
15 creatures vanquished.

Grand Total: 385 creatures vanquished

Notes
Turn   | Place    | Note
--------------------------------------------------------------
     0 | D:1      | MDvedh the Vampire Assassin began the quest for the Orb.
     0 | D:1      | Reached XP level 1. HP: 16/16 MP: 1/1
   144 | D:1      | Reached skill level 6 in Stealth
   166 | D:1      | Reached XP level 2. HP: 6/22 MP: 2/2
   512 | D:1      | Reached XP level 3. HP: 24/27 MP: 3/3
   782 | D:2      | Reached XP level 4. HP: 33/33 MP: 4/4
  1220 | D:2      | You fall through a shaft!
  1324 | D:3      | Found a sparkling altar of Nemelex Xobeh.
  1426 | D:3      | Reached skill level 5 in Short Blades
  1557 | D:2      | Reached skill level 7 in Stealth
  1557 | D:2      | Reached XP level 5. HP: 38/38 MP: 5/5
  1755 | D:3      | Found a glowing golden altar of the Shining One.
  2414 | D:4      | Noticed Robin
  2539 | D:4      | Found a shattered altar of Ashenzari.
  2827 | D:4      | Noticed an ogre
  2846 | D:4      | Killed an ogre
  2846 | D:4      | Reached XP level 6. HP: 44/44 MP: 6/6
  2887 | D:4      | Noticed Grinder
  2935 | D:4      | Reached skill level 8 in Stealth
  2965 | D:4      | Killed Robin
  2996 | D:4      | Found a glowing silver altar of Zin.
  3787 | D:4      | Paralysed by Grinder for 7 turns
  3977 | D:5      | Entered Level 5 of the Dungeon
  4048 | D:5      | Reached XP level 7. HP: 49/49 MP: 7/7
  4146 | D:5      | Reached skill level 9 in Stealth
  4439 | D:4      | Became a worshipper of Ashenzari the Shackled
  4685 | D:5      | Found a shimmering altar of Xom.
  4892 | D:5      | Reached skill level 10 in Stealth
  4892 | D:5      | Reached XP level 8. HP: 55/55 MP: 8/8
  4909 | D:5      | Found a blossoming altar of Fedhas.
  5139 | D:6      | Noticed Edmund
  5170 | D:6      | Killed Edmund
  5213 | D:6      | Learned a level 6 spell: Freezing Cloud
  5337 | D:6      | Found a sand-covered staircase.
  5370 | Ossuary  | Entered an ossuary
  5688 | D:6      | Gained mutation: Your body sometimes deteriorates upon taking damage. [potion of mutation]
  5688 | D:6      | Gained mutation: You can breathe flames. [potion of mutation]
  5688 | D:6      | Gained mutation: You evolve. [potion of mutation]
  5818 | D:6      | Reached * piety under Ashenzari
  5821 | D:6      | Reached skill level 10 in Short Blades
  5828 | D:6      | Noticed Eustachio
  5848 | D:6      | Killed Eustachio
  5848 | D:6      | Reached skill level 11 in Stealth
  6059 | D:6      | Found a bloodstained altar of Trog.
  6298 | D:7      | Noticed Joseph
  6431 | D:7      | Found a staircase to the Ecumenical Temple.
  6441 | D:7      | Noticed Menkaure
  6482 | D:7      | Killed Menkaure
  6482 | D:7      | Reached XP level 9. HP: 22/61 MP: 9/9
  6847 | D:8      | Gained mutation: Your mind is acute. (Int +2) [evolution]
  6904 | D:8      | Found a staircase to the Lair.
  6904 | D:8      | Noticed a komodo dragon
  6963 | D:8      | Reached skill level 5 in Dodging
  7014 | D:8      | Noticed Erolcha
  7018 | D:8      | Killed Erolcha
  7018 | D:8      | Reached skill level 12 in Stealth
  7056 | D:8      | Found a burning altar of Makhleb.
  7085 | D:8      | Noticed Erica
  7095 | D:8      | Killed Erica
  7095 | D:8      | Reached XP level 10. HP: 67/67 MP: 10/10
  7510 | D:8      | Reached skill level 13 in Stealth
  7705 | D:8      | Killed a komodo dragon
  8150 | D:9      | Reached ** piety under Ashenzari
  8320 | D:9      | Found a white marble altar of Elyvilon.
  8343 | D:9      | Reached skill level 1 in Long Blades
  8884 | D:9      | Found a sacrificial altar of Ru.
  9025 | D:9      | Found a sparkling altar of Nemelex Xobeh.
  9073 | D:9      | Reached skill level 14 in Stealth
  9148 | D:9      | Noticed Maurice
  9294 | D:9      | Reached XP level 11. HP: 72/72 MP: 11/11
  9335 | D:9      | Killed Maurice
  9492 | D:10     | Entered Level 10 of the Dungeon
  9673 | D:10     | Reached skill level 5 in Long Blades
  9679 | D:10     | Reached skill level 10 in Dodging
  9950 | D:10     | Found a staircase to the Orcish Mines.
 10251 | D:10     | Noticed a hill giant
 10487 | D:10     | Noticed a hill giant
 10535 | D:10     | Killed a hill giant
 11357 | D:10     | Gained mutation: You are partially covered in yellow scales (AC +2). [potion of beneficial mutation]
 11681 | Lair:1   | Entered Level 1 of the Lair of Beasts
 11966 | Lair:1   | Reached skill level 15 in Stealth
 12190 | Lair:1   | Noticed a seven-headed hydra
 12202 | Lair:1   | Killed a two-headed hydra
 13409 | Lair:2   | Reached XP level 12. HP: 47/78 MP: 12/12
 13534 | Lair:2   | Mangled by a komodo dragon

Vault maps used:
D:1:      tarquinn_simple_flora_water_f
D:2:      minmay_vboxes
D:3:      nemelex_xobeh_ov_fountains_minmay, first_bread,
          minmay_gold_behind_fungi, serial_bayou_pond_e, grunt_decor_cap,
          minmay_statues_item, nicolae_tso_swordbearing_angel
D:4:      overflow_temple_1_default, ashenzari_altar_1, uniq_robin, uniq_grinder
D:5:      fedhas_altar_4, xom_confusion_cloud
D:6:      lemuel_coloured_pillars_altar, enter_ossuary_1, uniq_eustachio,
          uniq_edmund
D:7:      wad_pebble_path, temple_doors_e, serial_shops, kennysheep_mini_moat,
          uniq_duvessa, uniq_menkaure, uniq_joseph
D:8:      kennysheep_little_box, david_lair_shrubbed, uniq_erica, uniq_erolcha
D:9:      kennysheep_mini, nicolae_ru_sacrificial_ziggurat, serial_bayou,
          serial_bayou_pond_b, serial_bayou_pond_d, serial_bayou_lagoon_a,
          serial_bayou_pond_d, basic_altar, hangedman_pestilent_swarm,
          grunt_ministairs_1, st_stairs_5, uniq_maurice
D:10:     zombieorc1_lemuel, minivault_8
Lair:1:   serial_forest, infiniplex_forest_lined_2,
          infiniplex_forest_clump_curved, infiniplex_forest_lined_room_3,
          infiniplex_forest_lined_3_way, infiniplex_forest_clump_diagonal,
          infiniplex_forest_fountain, infiniplex_forest_lined_2,
          infiniplex_forest_lined_room_3
Lair:2:   beast_lair_carwin_large_1
Ossuary:  ossuary_the_hunt_dpeg

Action                   |  1- 3 |  4- 6 |  7- 9 | 10-12 || total
-------------------------+-------+-------+-------+-------++-------
Melee: Dagger            |    74 |   230 |   237 |       ||   541
       Short sword       |       |       |   259 |   798 ||  1057
       Scimitar          |       |       |       |   247 ||   247
 Fire: Blowgun           |     7 |    11 |     6 |       ||    24
 Abil: Breathe Fire      |       |       |     4 |     7 ||    11
  Use: Scroll            |       |     5 |    16 |    11 ||    32
       Potion            |       |     2 |     2 |     3 ||     7
 Stab: Sleeping          |    11 |    23 |    23 |    29 ||    86
       Distracted        |       |       |     1 |     4 ||     5
  Eat: Corpse            |     6 |    17 |    19 |    33 ||    75
